 Dungeon Crawl Stone Soup version 0.22-a0-515-g75794bf (webtiles) character file.

364 inc the Chiller (level 6, -1/36 HPs)
             Began as an Octopode Ice Elementalist on June 19, 2018.
             Slain by an orc
             ... wielding a +0 hand axe
              (5 damage)
             ... on level 4 of the Dungeon.
             The game lasted 00:07:06 (4681 turns).

inc the Chiller (Octopode Ice Elementalist)         Turns: 4681, Time: 00:07:07

Health: -1/36      AC:  2    Str:  8    XL:     6   Next: 67%
Magic:  5/11       EV: 13    Int: 19    God:
Gold:   197        SH:  5    Dex: 12    Spells: 3/11 levels left

rFire    + . .     SeeInvis .   k - +3 hand axe
rCold    . . .     Gourm    .   i - +0 buckler
rNeg     . . .     Faith    .   v - +1 hat
rPois    .         Spirit   .   (no amulet)
rElec    .         Reflect  .   q - ring of protection from fire
rCorr    .         Harm     .   (no ring)
MR       .....                  (no ring)
Stlth    +++.......             (no ring)
HPRegen  0.12/turn              (no ring)
MPRegen  0.12/turn              (no ring)
                                (no ring)
                                (no ring)

@: very slightly contaminated
A: almost no armour, stealthy swim, amphibious, 8 rings, constrict 8, camouflage
1, gelatinous body 1
a: no special abilities


You were on level 4 of the Dungeon.
You were hungry.

You visited 1 branch of the dungeon, and saw 4 of its levels.

You collected 197 gold pieces.

Inventory:

Hand Weapons
 f - a +0 whip
 j - a +0 short sword
 k - a +3 hand axe (weapon)
 r - a +0 blowgun
Missiles
 s - 5 curare-tipped needles
Armour
 i - a +0 buckler (worn)
 v - a +1 hat (worn)
Jewellery
 q - a ring of protection from fire (left tentacle)
Scrolls
 c - 3 scrolls of remove curse {unknown}
 d - 3 scrolls of identify
 g - 2 scrolls of amnesia {unknown}
 h - 2 scrolls of blinking {unknown}
 m - a scroll of random uselessness {unknown}
 o - a scroll of enchant armour {unknown}
 w - 2 scrolls of teleportation {unknown}
Potions
 a - 2 potions of heal wounds
 e - a potion of mutation
 l - a potion of curing
 n - a potion of invisibility {unknown}
 p - a potion of agility {unknown}
 t - 2 potions of magic {unknown}
 u - 3 potions of haste {unknown}
Comestibles
 b - 5 rations


   Skills:
 - Level 2.0 Dodging
 - Level 2.6 Stealth
 - Level 4.0 Shields
 - Level 3.4 Spellcasting
 - Level 1.0 Conjurations
 + Level 4.9 Ice Magic


You had 3 spell levels left.
You knew the following spells:

 Your Spells              Type           Power        Failure   Level  Hunger
a - Freeze                Ice            ###.         1%          1    None
b - Ozocubu's Armour      Chrm/Ice       ##......     16%         3    ###....
c - Throw Icicle          Conj/Ice       ##......     41%         4    ####...

Your spell library contained the following spells:

 Spells                   Type           Power        Failure   Level  Hunger
 Magic Dart               Conj           #...         10%         1    None
 Apportation              Tloc           #.....       14%         1    None
 Conjure Flame            Conj/Fire      #.......     34%         3    ###....
 Slow                     Hex            #.......     22%         2    ##.....
 Confuse                  Hex            #.......     41%         3    ###....
 Throw Frost              Conj/Ice       ##....       7%          2    ##.....
 Mephitic Cloud           Conj/Pois/Air  #.......     36%         3    ###....
 Summon Small Mammal      Summ           #...         14%         1    None
 Blink                    Tloc           N/A          22%         2    ##.....
 Animate Skeleton         Necr           N/A          14%         1    None
 Summon Ice Beast         Ice/Summ       ##......     47%         4    ####...
 Call Imp                 Summ           #.......     22%         2    ##.....
 Tukima's Dance           Hex            #.......     41%         3    ###....
 Confusing Touch          Hex            #.....       14%         1    None
 Ensorcelled Hibernation  Hex/Ice        ##....       9%          2    ##.....
 Corona                   Hex            #......      14%         1    None
 Dazzling Spray           Conj/Hex       #.....       34%         3    ###....


Dungeon Overview and Level Annotations

Branches:
Dungeon (4/15)
 Temple: D:4-7

Altars:

Shops:
D:4 *

Annotations:
D:4 1 runed door


Innate Abilities, Weirdness & Mutations

You cannot wear most types of armour.
You are very stealthy in the water. (Stealth+)
You are amphibious.
You can wear up to eight rings at the same time.
You can use your tentacles to constrict eight enemies at once.
Your skin changes colour to match your surroundings (Stealth+).
Your rubbery body absorbs attacks. (AC +1, EV +1)


Message History

Things that are here:
a dagger; a robe; an orc corpse The orc wizard gestures at you while chanting.
The magic dart hits you! The orc hits you with a hand axe.
There is an open door here.
Things that are here:
a dagger; a robe; an orc corpse You hit the orc.
Your grab misses the orc.
The orc is heavily wounded.
You hit the orc wizard but do no damage.
The orc barely misses you. The orc wizard hits you with a dagger.
You closely miss the orc wizard. You grab the orc wizard.
You barely miss the orc. You constrict the orc wizard.
The orc hits you with a hand axe.
* * * LOW HITPOINT WARNING * * *
The orc wizard hits you with a dagger.
* * * LOW HITPOINT WARNING * * *
The orc hits you with a hand axe.
You die...

8o# ..# .o# ∩.# ### ..#
#<# ..# #.# ####8.###
#.###############.......#
.....#..........@o......+
#.##.#.##########o......#
#.##.#.# #########
#....#.# ######.# ...#
#.# ##.# #.# ##.#
#.######## ...#
#>........


You could see an orc wizard and an orc.

Vanquished Creatures
  An orc wizard (D:4)
  2 bullfrog skeletons
  A hound (D:4)
  3 worker ants
  Natasha (D:4)
  3 adders
  2 gnolls (D:3)
  3 oozes
  An adder skeleton (D:4)
  A worm (D:3)
  A dart slug (D:1)
  3 leopard geckos
  3 orcs (D:3)
  3 giant cockroaches
  8 goblins
  9 hobgoblins
  3 jackals (D:2)
  2 quokkas
  2 ball pythons (D:1)
  14 bats
  2 frilled lizards
  15 kobolds
  A leopard gecko skeleton (D:4)
  2 rats
  A fungus (D:4)
87 creatures vanquished.

Notes
Turn   | Place    | Note
-------+----------+-------------------------------------------
     0 | D:1      | inc the Octopode Ice Elementalist began the quest for the Orb.
     0 | D:1      | Reached XP level 1. HP: 11/11 MP: 3/3
   175 | D:1      | Reached XP level 2. HP: 14/17 MP: 3/5
  1104 | D:1      | Reached XP level 3. HP: 21/21 MP: 6/6
  1745 | D:2      | Reached skill level 1 in Shields
  1865 | D:2      | Reached XP level 4. HP: 19/27 MP: 4/7
  2918 | D:3      | Found a faded altar of an unknown god.
  3016 | D:3      | Reached XP level 5. HP: 18/31 MP: 8/8
  4154 | D:4      | Noticed Natasha
  4160 | D:4      | Killed Natasha
  4177 | D:4      | Reached XP level 6. HP: 24/36 MP: 6/10
  4432 | D:4      | Found a runed door.
  4440 | D:4      | Learned a level 3 spell: Ozocubu's Armour
  4445 | D:4      | Learned a level 4 spell: Throw Icicle
  4656 | D:4      | Found Xiadang's General Store.
  4681 | D:4      | Slain by an orc

Vault maps used:
D:1:      saegor_arrival_simple_b, minmay_nonomino_d4
D:2:      first_ration, minmay_box_of_dots
D:3:      chequers_ecumenical_altar_simple_redux, minmay_fountain_box
D:4:      minmay_temple_entry_statues_pillars, serial_shops, shop_statue, shop,
          uniq_natasha, uniq_crazy_yiuf_cottage

Skill      XL: |  1  2  3  4  5  6 |
---------------+-------------------+-----
Ice Magic      | 4 |  4.9
Shields        | 2 3 4 |  4.0
Spellcasting   | 3 |  3.4
Dodging        | |  2.0
Stealth        | |  2.6
Conjurations   | |  1.0

Action                   |  1- 3 |  4- 6 || total
-------------------------+-------+-------++-------
Melee: Unarmed           |    15 |       ||    15
       Constrict         |    16 |    24 ||    40
       Tentacles         |     7 |    17 ||    24
       Whip              |    20 |       ||    20
       Hand axe          |    19 |   108 ||   127
       Short sword       |     3 |       ||     3
 Cast: Freeze            |    26 |    24 ||    50
       Ozocubu's Armour  |       |     2 ||     2
  Use: Scroll            |       |     2 ||     2
 Stab: Sleeping          |    11 |     9 ||    20
  Eat: Chunk             |     3 |     9 ||    12
Armor: Skin              |     6 |    14 ||    20
Dodge: Dodged            |    46 |    78 ||   124
Block: Buckler           |     1 |    30 ||    31

Table legend:
 A = Spawn XP
 B = Non-spawn XP
 C = Spawn XP percentage of total XP
 D = Spawn monster count
 E = Non-spawn monster count
 F = Spawn count percentage of total count
 G = Total turns spent on level
                    A         B        C        D         E        F      G
               +---------+---------+-------+---------+---------+-------+---------
         Total |       0 |     520 |   0.0 |       0 |      86 |   0.0 |  4681
               +---------+---------+-------+---------+---------+-------+---------
           D:1 |       0 |      61 |   0.0 |       0 |      34 |   0.0 |  1680
           D:2 |       0 |      65 |   0.0 |       0 |      15 |   0.0 |   964
           D:3 |       0 |     148 |   0.0 |       0 |      27 |   0.0 |  1450
           D:4 |       0 |     246 |   0.0 |       0 |      10 |   0.0 |   587
               +---------+---------+-------+---------+---------+-------+---------
